 Dungeon Sprint DCSS version 0.21-a0-278-ga722497 (webtiles) character file.

299 vatarom the Cruncher (level 6, -2/52 HPs)
             Began as a Demonspawn Gladiator on Sept 21, 2017.
             Was an Initiate of Wu Jian.
             Succumbed to Sonja's poison
             ... in the Dungeon (Sprint I: "Red Sonja").
             The game lasted 00:01:35 (474 turns).

vatarom the Cruncher (Demonspawn Gladiator)          Turns: 474, Time: 00:01:36

Health: -2/52      AC: 14    Str: 14    XL:     6   Next: 13%
Magic:  6/6        EV:  9    Int: 10    God:    Wu Jian [......]
Gold:   108        SH:  0    Dex: 16    Spells: 5/5 levels left

rFire    + . .     SeeInvis .   a - +0 quarterstaff
rCold    + . .     Gourm    .   (shield currently unavailable)
rNeg     . . .     Faith    .   g - +1 chain mail {rC+}
rPois    .         Spirit   .   c - +0 helmet
rElec    .         Reflect  .   (no cloak)
rCorr    .         Harm     .   (no gloves)
MR       .....     NoTele   +   (no boots)
Stlth    ..........             (no amulet)
HPRegen  0.17/turn              (no ring)
MPRegen  0.10/turn              (no ring)

@: lethally poisoned (-2 -> -80), very slightly contaminated
A: hooves 1, icy blue scales 1, fire resistance 1, powered by pain 1
a: Renounce Religion


You were in the Dungeon.
You worshipped Wu Jian.
Wu Jian was noncommittal.
You were not hungry.

You visited 1 branch You collected 108 gold pieces.

Inventory:

Hand Weapons
 a - a +0 quarterstaff (weapon)
Missiles
 d - 3 throwing nets (quivered)
Armour
 c - a +0 helmet (worn)
 g - a +1 chain mail of cold resistance (worn)
Potions
 i - 2 potions of magic
Comestibles
 f - a bread ration


   Skills:
 + Level 6.0 Fighting
 * Level 8.0 Staves
 - Level 1.7 Throwing
 + Level 5.1 Armour
 + Level 5.9 Dodging


You had 5 spell levels left.
You didn't know any spells.

Dungeon Overview and Level Annotations

Branches:
Dungeon (1/1)

Altars:
Sif Muna
Vehumet
Wu Jian

Annotations:
D Sonja


Innate Abilities, Weirdness & Mutations

You have large cloven feet.
You are partially covered in icy blue scales. (AC +2)
Your flesh is heat resistant. (rF+)
You sometimes gain a little power by taking damage.


Message History

Unknown command.
Unknown command.
Blink to where?
Press: ? - help, Dir - move target cursor You are very lightly contaminated with residual magic.
As you read the scroll of blinking, it crumbles to dust.
* * * LOW HITPOINT WARNING * * *
You feel extremely sick.
Sonja gestures wildly while chanting.
Sonja blinks!
You close the door.
* * * LOW HITPOINT WARNING * * *
You feel very sick. Sonja closely misses you.
Sonja hits you but does no damage.
You are more poisoned.
Sonja closely misses you.
Okay, then.
You closely miss Sonja. Your kick misses Sonja.
Sonja is heavily wounded.
You die...

################
#<.#..').#..'..#
#..'[.#..').#..+
#..#####+#####'#
#..# #%# #..#
##(# #..# #+#_.+
#⌠⌠# +.K._# ####
#_@#+# ##+# #§#
+$.§+ #$.$#
##.## #+#


You could see Sonja.

Vanquished Creatures
  Sigmund (D)
  An ogre (D)
  A jelly (D)
  Ijyb (D)
4 creatures vanquished.

Notes
Turn   | Place    | Note
-------+----------+-------------------------------------------
     0 | D        | vatarom the Demonspawn Gladiator began the quest for the Orb.
     0 | D        | Reached XP level 1. HP: 16/16 MP: 1/1
     2 | D        | Noticed Ijyb
    36 | D        | Killed Ijyb
    36 | D        | Reached skill level 4 in Staves
    36 | D        | Gained mutation: Your flesh is heat resistant. (rF+) [demonic ancestry]
    36 | D        | Reached XP level 2. HP: 4/24 MP: 2/2
   282 | D        | Noticed an ogre
   285 | D        | Killed an ogre
   285 | D        | Reached skill level 5 in Staves
   285 | D        | Gained mutation: You have large cloven feet. [demonic ancestry]
   285 | D        | Reached XP level 3. HP: 31/31 MP: 3/3
   285 | D        | Reached XP level 4. HP: 38/38 MP: 4/4
   318 | D        | Noticed Sigmund
   332 | D        | Killed Sigmund
   332 | D        | Reached skill level 5 in Fighting
   332 | D        | Reached skill level 7 in Staves
   332 | D        | Reached skill level 5 in Dodging
   332 | D        | Gained mutation: You sometimes gain a little power by taking damage. [demonic ancestry]
   332 | D        | Reached XP level 5. HP: 35/46 MP: 5/5
   332 | D        | Gained mutation: You are partially covered in icy blue scales. (AC +2) [demonic ancestry]
   332 | D        | Reached XP level 6. HP: 40/52 MP: 6/6
   345 | D        | Found a deep blue altar of Sif Muna.
   346 | D        | Found an ornate altar of the Wu Jian Council.
   348 | D        | Found a radiant altar of Vehumet.
   354 | D        | Reached skill level 8 in Staves
   354 | D        | Reached skill level 5 in Armour
   458 | D        | Became a worshipper of the Wu Jian Council
   462 | D        | Noticed Sonja
   474 | D        | Succumbed to Sonja's poison

Vault maps used:
D:        dungeon_sprint_1

Skill      XL: |  1  2  3  4  5  6 |
---------------+-------------------+-----
Fighting       | 3 4 5 6 |  6.0
Staves         | 4 5 7 8 |  8.0
Armour         | 2 3 4 5 |  5.1
Dodging        | 3 4 5 |  5.9
Throwing       | |  1.7

Action                   |  1- 3 |  4- 6 || total
-------------------------+-------+-------++-------
Melee: Quarterstaff      |    34 |    24 ||    58
       Kick              |       |     8 ||     8
  Use: Potion            |     2 |     2 ||     4
       Scroll            |       |     1 ||     1
Armor: Leather armour    |     3 |       ||     3
       Chain mail        |       |    19 ||    19
Dodge: Dodged            |    18 |    15 ||    33

Table legend:
 A = Spawn XP
 B = Non-spawn XP
 C = Spawn XP percentage of total XP
 D = Spawn monster count
 E = Non-spawn monster count
 F = Spawn count percentage of total count
 G = Total turns spent on level
                    A         B        C        D         E        F      G
               +---------+---------+-------+---------+---------+-------+---------
         Total |       0 |     428 |   0.0 |       0 |       4 |   0.0 |   474
               +---------+---------+-------+---------+---------+-------+---------
             D |       0 |     428 |   0.0 |       0 |       4 |   0.0 |   474
               +---------+---------+-------+---------+---------+-------+---------
